Map: Romanticide LE

Players

llllllllllll (Oliveira) - Winner!

  • Race: Terran Terran

HeroMarine

  • Race: Terran Terran

Event: TSL 7

VOD

Have the link to the VOD?

Description

Time

  • Played on: June 12, 2021, 1:50 p.m.
  • Length: 27:52

All games in this series

Show
View Real Time Build Order
Export as new Build Order

llllllllllll Terran - Winner!

Build Orders: Reaper Expand 

Get SALT Encoding   

  12  0:00  SCV  
  13  0:13  SCV  
  14  0:17  Supply Depot  
  14  0:25  SCV  
  15  0:39  SCV  
  15  0:40  Barracks  
  16  0:45  Refinery  
  16  0:51  SCV  
  17  1:03  SCV  
  18  1:15  SCV  
  19  1:28  Reaper  
  19  1:29  Orbital Command  
  20  1:41  Command Center  
  20  1:50  Supply Depot  
  20  1:55  SCV  
  20  2:00  Marine  
  22  2:07  SCV  
  23  2:10  Factory  
  23  2:16  Bunker  
  23  2:19  SCV  
  23  2:22  Barracks Reactor  
  24  2:26  Refinery  
  24  2:31  SCV  
  25  2:43  SCV  
  26  2:54  Hellion  
  26  2:55  Starport, SCV  
  26  2:57  Orbital Command  
  29  3:00  Marine  
  29  3:02  Marine  
  31  3:07  SCV  
  32  3:17  Factory Tech Lab  
  32  3:18  Marine  
  32  3:19  SCV, Marine  
  34  3:22  Supply Depot  
  34  3:23  SCV  
  36  3:31  Refinery  
  35  3:36  Marine  
  35  3:37  Marine  
  35  3:38  SCV  
  37  3:42  Factory Tech Lab  
  37  3:44  SCV  
  35  3:50  SCV  
  35  3:51  Refinery  
  35  3:53  Raven  
  35  3:54  Marine  
  38  3:56  SCV  
  38  4:02  Cyclone  
  42  4:04  SCV  
  42  4:05  Marine  
  42  4:08  SCV  
  45  4:11  Supply Depot  
  45  4:15  Marine  
  46  4:19  SCV  
  46  4:21  SCV  
  48  4:30  Supply Depot  
  48  4:32  SCV  
  48  4:33  SCV  
  48  4:34  Siege Tank  
  48  4:35  Marine x2  
  55  4:44  SCV  
  55  4:45  SCV, Raven  
  59  4:54  Command Center  
  59  4:56  SCV  
  59  4:57  SCV  
  61  5:00  Supply Depot  
  61  5:02  Marine x2  
  63  5:07  Refinery  
  63  5:09  Siege Tank  
  63  5:10  SCV  
  63  5:11  SCV  
  68  5:22  SCV, Supply Depot  
  68  5:23  SCV  
  68  5:24  Supply Depot  
  70  5:35  SCV  
  70  5:36  SCV  
  70  5:38  Marine  
  70  5:39  Stimpack  
  70  5:41  Siege Tank  
  70  5:42  Viking  
  78  5:44  Viking  
  78  5:48  SCV  
  78  5:49  SCV  
  82  5:55  Barracks  
  82  5:57  Barracks, Marine  
  82  6:00  SCV  
  82  6:01  SCV  
  82  6:03  Supply Depot  
  85  6:13  Viking  
  85  6:14  Viking  
  85  6:16  Siege Tank  
  85  6:17  SCV  
  93  6:21  SCV  
  93  6:24  Orbital Command  
  94  6:27  Marine  
  94  6:30  SCV  
  94  6:32  Supply Depot  
  96  6:34  SCV  
  96  6:39  Engineering Bay  
  97  6:40  Engineering Bay  
  97  6:43  SCV  
  97  6:46  Barracks Reactor x2  
  98  6:48  Viking  
  98  6:49  Viking  
  98  6:51  SCV x2  
  104  6:58  Siege Tank  
  105  7:02  SCV  
  105  7:03  SCV  
  105  7:05  SCV  
  108  7:08  Terran Infantry Armor Level 1, Terran Infantry Weapons Level 1  
  108  7:12  Barracks  
  108  7:14  Supply Depot  
  108  7:15  Barracks  
  108  7:16  SCV  
  108  7:17  Refinery x2, SCV  
  108  7:18  Marine  
  108  7:22  SCV  
  112  7:24  Marine x3  
  112  7:25  Viking  
  112  7:28  SCV, Viking  
  120  7:31  SCV  
  120  7:34  SCV  
  122  7:37  Supply Depot  
  122  7:40  Siege Tank  
  124  7:46  SCV, Command Center  
  124  7:47  Marine  
  125  7:52  Marine  
  125  7:53  SCV  
  125  7:55  SCV  
  125  7:56  Armory  
  128  7:59  Marine, Viking x2  
  128  8:00  Barracks Reactor  
  128  8:04  Sensor Tower  
  128  8:05  Barracks Reactor  
  133  8:08  SCV  
  133  8:09  Combat Shield  
  133  8:11  SCV x2  
  136  8:14  Marine x2  
  136  8:17  Missile Turret  
  138  8:21  Siege Tank  
  138  8:22  Supply Depot x2  
  138  8:23  Marine  
  139  8:30  Marine  
  139  8:33  SCV  
  141  8:44  SCV x2, Marine x7, Medivac x2  
  141  8:45  Terran Vehicle Weapons Level 1, Supply Depot x2  
  141  8:46  SCV  
  154  8:50  Marine  
  154  8:51  Marine  
  155  8:56  SCV x2  
  155  8:57  Siege Tank  
  155  8:58  Planetary Fortress  
  155  9:00  SCV, Supply Depot  
  155  9:01  Marine x4  
  165  9:04  Terran Infantry Weapons Level 2  
  165  9:10  Terran Infantry Armor Level 2  
  165  9:12  SCV x2, Marine  
  165  9:14  Refinery, Marine x3  
  165  9:16  Missile Turret  
  171  9:18  Medivac  
  171  9:19  Refinery, Marine x3  
  171  9:20  Marine  
  178  9:24  Medivac  
  178  9:27  Supply Depot  
  178  9:28  SCV  
  178  9:30  Marine  
  182  9:32  Marine x3  
  182  9:34  Factory  
  182  9:37  Marine x3  
  187  9:40  Barracks Reactor  
  187  9:42  Command Center  
  187  9:46  Sensor Tower, Marine  
  187  9:48  Marine  
  187  9:49  Marine  
  190  9:57  Marine x4  
  190  9:58  Siege Tank  
  190  9:59  Marine  
  170  10:04  Marine  
  170  10:05  SCV  
  170  10:06  Marine  
  165  10:07  Marine  
  166  10:14  Marine  
  166  10:15  Marine x3  
  166  10:17  Marine  
  166  10:20  Marine  
  165  10:24  Marine  
  165  10:25  Marine x2  
  165  10:26  Marine  
  143  10:32  Marine x2  
  143  10:33  Marine x2  
  143  10:35  Marine  
  128  10:37  Siege Tank x2  
  128  10:38  Marine  
  128  10:39  Medivac x2  
  128  10:42  Terran Vehicle Weapons Level 2, Marine x2  
  138  10:44  Marine x2  
  138  10:48  Starport x2  
  142  10:52  Marine x2  
  142  10:53  Marine x3  
  142  10:56  Marine, Sensor Tower  
  148  11:00  Marine x2  
  148  11:02  Marine  
  148  11:04  Refinery  
  151  11:06  Refinery, Marine  
  151  11:09  Marine  
  151  11:11  Marine x2  
  153  11:13  Siege Tank x2  
  153  11:17  Liberator, Viking  
  166  11:18  Marine  
  166  11:19  Marine x5  
  166  11:21  Planetary Fortress  
  166  11:24  Marine  
  173  11:27  Marine  
  173  11:29  Marine x2  
  173  11:31  Missile Turret  
  175  11:33  Missile Turret  
  175  11:36  Starport Tech Lab, Marine x4  
  175  11:38  Terran Infantry Weapons Level 3, Starport Tech Lab  
  179  11:44  Marine  
  179  11:46  Marine  
  181  11:48  Siege Tank x2  
  181  11:50  Marine x4  
  191  11:54  Marine x2  
  191  11:55  Viking  
  191  11:57  Marine  
  191  12:00  Orbital Command  
  192  12:03  Marine  
  192  12:04  Marine  
  192  12:06  Corvid Reactor  
  192  12:07  Raven x2  
  193  12:16  Marine  
  193  12:21  Marine  
  183  12:23  Marine  
  183  12:24  Sensor Tower  
  183  12:27  Marine  
  185  12:32  Marine  
  185  12:33  Siege Tank  
  185  12:34  Siege Tank  
  192  12:38  Viking x2  
  192  12:42  Marine  
  194  12:48  Marine x2  
  191  12:55  Marine x3  
  191  12:56  Marine x2  
  191  12:58  Raven x2  
  135  12:59  Marine x2  
  135  13:03  SCV x2  
  135  13:05  Siege Tank  
  135  13:07  Marine x2  
  135  13:08  Siege Tank  
  140  13:13  Marine x2  
  140  13:18  Terran Infantry Armor Level 3  
  142  13:20  Marine  
  142  13:25  Marine x2  
  145  13:28  SCV x2  
  145  13:30  SCV  
  145  13:31  Marine  
  145  13:35  Marine x2  
  145  13:36  Marine x2  
  145  13:38  Marine  
  145  13:39  Marine  
  131  13:44  Raven x2  
  131  13:45  Marine  
  136  13:51  Marine x2  
  136  13:52  Marine  
  136  13:54  Marine x2  
  140  14:00  Marine x2  
  142  14:03  Siege Tank  
  142  14:04  Marine x2  
  142  14:08  Orbital Command, Marine x2  
  146  14:16  Marine  
  141  14:23  Marine  
  141  14:38  Raven x2  
  137  14:40  Marine x2  
  137  14:43  Marine x2  
  122  14:46  Marine  
  122  14:47  Marine  
  122  14:51  Marine  
  125  14:54  SCV  
  125  14:57  SCV  
  127  15:01  Marine x4  
  127  15:02  Marine  
  127  15:04  SCV  
  127  15:06  SCV  
  134  15:09  Marine x2  
  134  15:12  Siege Tank  
  139  15:14  SCV  
  139  15:16  SCV  
  139  15:18  Marine x2  
  143  15:22  Raven  
  143  15:25  Raven  
  143  15:26  Marine x2  
  149  15:29  Marine  
  149  15:31  Marine x2  
  149  15:33  Marine  
  153  15:38  Supply Depot  
  153  15:40  Siege Tank  
  153  15:42  Marine  
  156  15:44  Marine  
  156  15:45  Marine  
  156  15:49  Marine x2  
  161  15:51  Marine x2  
  161  15:55  Supply Depot  
  163  15:57  Marine  
  163  15:58  Marine  
  163  16:02  Marine x2  
  166  16:05  Siege Tank  
  166  16:10  Marine x2  
  166  16:11  Marine x2  
  171  16:13  Raven  
  171  16:17  Raven  
  177  16:21  Supply Depot  
  177  16:22  Marine x2  
  177  16:25  Marine x2  
  181  16:39  Command Center  
  181  16:42  Marine  
  181  16:43  Marine x3  
  181  16:44  SCV  
  181  16:46  Marine  
  186  16:49  Marine  
  186  16:50  Marine  
  188  16:57  Siege Tank x2  
  188  17:00  Raven  
  196  17:03  Terran Vehicle And Ship Armor Level 1  
  196  17:07  Marine x2  
  197  17:15  Supply Depot  
  197  17:20  Command Center  
  197  17:27  Sensor Tower  
  197  17:31  Missile Turret  
  197  17:32  Missile Turret  
  197  17:35  Missile Turret  
  197  17:37  Marine  
  197  17:40  Raven  
  200  17:48  Refinery  
  200  17:50  Planetary Fortress  
  200  17:54  Command Center  
  199  18:00  Armory  
  198  18:19  Hi-Sec Auto Tracking, Neosteel Armor  
  198  18:21  Marine  
  198  18:44  Starport  
  198  18:46  Starport  
  195  18:50  Terran Ship Weapons Level 1  
  195  18:52  Refinery  
  195  18:55  Viking x2  
  199  18:56  Marine  
  200  19:15  Terran Vehicle And Ship Armor Level 2  
  164  19:49  Marine  
  164  19:50  Marine x6  
  164  19:51  Raven  
  164  19:52  Raven  
  152  19:53  Starport Tech Lab x2  
  152  19:55  Siege Tank  
  152  19:56  Marine x3  
  152  19:58  Siege Tank  
  162  20:01  Liberator  
  162  20:02  Liberator  
  163  20:07  Marine x2  
  163  20:11  Marine  
  155  20:16  Marine  
  155  20:17  Marine x2  
  155  20:18  Marine x2  
  157  20:21  Marine  
  157  20:22  Raven  
  157  20:23  Raven  
  157  20:24  Marine  
  157  20:25  Marine x2  
  157  20:26  Planetary Fortress  
  165  20:29  Marine  
  165  20:34  Marine x2  
  168  20:37  Raven x2  
  168  20:38  Siege Tank  
  168  20:40  Siege Tank  
  168  20:42  Marine x2  
  180  20:48  Command Center  
  180  20:50  Planetary Fortress  
  180  20:51  Marine x3  
  180  20:56  Marine x2  
  185  20:58  Medivac x2  
  189  21:06  Marine x2  
  189  21:07  Marine  
  189  21:09  Raven x2, Missile Turret  
  189  21:10  Missile Turret  
  196  21:12  Missile Turret  
  196  21:14  Sensor Tower  
  196  21:15  Unknown  
  196  21:29  Raven x2  
  199  21:41  Marine  
  199  21:42  Terran Ship Weapons Level 2  
  158  22:03  Marine  
  158  22:04  Marine  
  158  22:06  Marine x2  
  158  22:07  Marine x3  
  158  22:08  Raven x2  
  122  22:10  Marine x3  
  122  22:14  Medivac x2  
  127  22:19  Raven  
  127  22:21  Marine  
  127  22:22  Marine  
  131  22:24  Marine x2  
  131  22:25  Marine x3  
  131  22:28  Marine x3  
  132  22:39  Marine  
  132  22:40  Marine  
  132  22:41  Marine x2  
  132  22:43  Marine x3, Missile Turret  
  139  22:46  Marine x3  
  139  22:48  Raven  
  144  22:56  Raven  
  144  22:57  Marine  
  144  22:58  Marine  
  148  22:59  Raven, Marine x2  
  148  23:01  Marine x3  
  148  23:03  Marine x2  
  158  23:08  Marine  
  158  23:10  SCV  
  158  23:15  Marine  
  158  23:16  SCV x3  
  163  23:25  Marine  
  149  23:27  Marine x3  
  149  23:28  Marine x2  
  149  23:29  Marine  
  149  23:30  Marine  
  149  23:31  Raven  
  149  23:34  Marine  
  158  23:37  Raven  
  158  23:40  Marine  
  159  23:43  Raven, Marine  
  159  23:45  Marine x3  
  159  23:46  Marine x2  
  159  23:47  SCV  
  165  23:49  SCV  
  165  23:50  SCV  
  165  23:53  Marine x2  
  169  23:57  Marine  
  169  23:58  Raven, Marine  
  169  24:00  Marine  
  174  24:04  Marine x2  
  174  24:06  Marine  
  175  24:10  Marine  
  171  24:20  Marine  
  171  24:21  Marine  
  171  24:23  Marine x3  
  128  24:45  Raven x2  
  124  24:48  Marine x4  
  124  24:49  Raven x2, Marine  
  129  24:53  Marine x2  
  129  24:56  SCV x2  
  129  24:59  Planetary Fortress  
  133  25:00  SCV x2  
  135  25:07  Marine  
  135  25:12  Medivac x2  
  135  25:14  Marine x2  
  140  25:15  SCV  
  140  25:16  SCV x2  
  140  25:19  SCV, Marine  
  145  25:21  Marine  
  145  25:22  Marine  
  145  25:23  Marine  
  145  25:25  SCV  
  145  25:27  Marine  
  150  25:29  Marine x2  
  150  25:32  SCV  
  150  25:33  SCV  
  150  25:34  Marine x2  
  156  25:48  Marine x3  
  158  25:55  Raven x4  
  166  25:59  Marine  
  166  26:02  Marine x2  
  163  26:08  Marine  
  163  26:09  Marine  
  165  26:11  Marine  
  165  26:15  Marine  
  167  26:21  Marine  
  168  26:28  Marine  
  169  26:38  Orbital Command  
  168  26:46  Marine x2  
  154  26:47  Raven  
  154  26:49  Marine x2  
  154  26:52  Medivac  
  156  26:55  Medivac  
  156  26:56  Marine  
  159  27:03  Marine  
  159  27:08  Marine x2  
  159  27:09  Marine  
  113  27:24  Marine  
  113  27:25  Marine x2  
  113  27:27  Widow Mine x2, Marine x2  
  113  27:28  Marine  
Show
View Real Time Build Order
Export as new Build Order

HeroMarine Terran 

Build Orders:  

Get SALT Encoding   

  12  0:00  SCV  
  13  0:12  SCV  
  14  0:17  Supply Depot  
  14  0:24  SCV  
  15  0:38  SCV  
  15  0:39  Barracks  
  16  0:43  Refinery  
  16  0:50  SCV  
  16  0:52  Refinery  
  17  1:03  SCV  
  18  1:15  SCV  
  19  1:26  Reaper  
  19  1:27  Orbital Command  
  19  1:28  Supply Depot  
  20  1:40  Factory  
  20  1:52  SCV  
  21  1:58  Reaper  
  22  2:04  SCV  
  23  2:16  SCV  
  23  2:18  Command Center  
  24  2:24  Hellion  
  24  2:29  SCV  
  27  2:30  Reaper  
  27  2:33  Supply Depot  
  28  2:41  SCV  
  29  2:45  Hellion  
  29  2:49  Starport  
  31  2:55  SCV  
  32  3:03  Barracks Reactor  
  32  3:07  Factory Tech Lab, SCV  
  33  3:16  Refinery  
  33  3:19  SCV  
  34  3:26  Cyclone  
  37  3:27  Starport Tech Lab  
  37  3:31  Orbital Command, SCV  
  38  3:39  Marine x2  
  40  3:43  SCV  
  41  3:53  Raven  
  41  3:55  SCV  
  37  3:57  SCV, Marine x2  
  40  4:06  Siege Tank  
  40  4:07  SCV, Supply Depot  
  40  4:09  SCV  
  45  4:15  Marine x2  
  47  4:19  SCV  
  47  4:21  SCV  
  49  4:31  SCV  
  49  4:33  SCV, Marine x2  
  49  4:37  Supply Depot  
  53  4:38  Raven  
  53  4:42  Command Center  
  53  4:44  SCV  
  56  4:46  SCV  
  56  4:50  Siege Tank  
  60  4:53  Supply Depot  
  60  4:56  SCV  
  60  4:58  Marine  
  60  4:59  SCV, Marine  
  64  5:08  Refinery, SCV  
  64  5:11  SCV  
  66  5:17  Supply Depot  
  66  5:20  SCV  
  67  5:22  Siege Tank  
  67  5:23  SCV  
  71  5:32  SCV, Viking x2  
  71  5:35  SCV, Marine  
  78  5:36  Stimpack  
  78  5:44  SCV  
  78  5:47  SCV  
  78  5:49  Barracks  
  80  5:50  Barracks  
  80  5:54  Orbital Command, Siege Tank  
  83  5:58  SCV  
  83  5:59  SCV  
  83  6:02  Viking  
  83  6:03  Viking  
  89  6:10  SCV  
  90  6:12  Engineering Bay  
  90  6:13  Engineering Bay  
  90  6:17  SCV  
  91  6:20  SCV, Supply Depot  
  91  6:22  SCV  
  93  6:27  Siege Tank  
  93  6:29  SCV  
  93  6:30  Refinery  
  93  6:32  SCV  
  98  6:33  Refinery, Supply Depot  
  98  6:34  SCV  
  99  6:40  Terran Infantry Weapons Level 1  
  99  6:41  SCV  
  99  6:42  Terran Infantry Armor Level 1  
  99  6:44  Barracks Reactor x2, SCV  
  99  6:47  SCV  
  101  6:49  Viking  
  101  6:51  Viking  
  101  6:53  SCV  
  106  6:56  SCV  
  106  6:57  Marine  
  106  6:59  SCV  
  109  7:04  Supply Depot  
  109  7:05  SCV, Supply Depot  
  110  7:08  SCV  
  110  7:10  Sensor Tower  
  110  7:11  SCV  
  112  7:17  SCV  
  112  7:18  Combat Shield  
  112  7:20  Barracks x2  
  112  7:21  Siege Tank  
  116  7:25  Medivac x2  
  116  7:26  SCV x2  
  116  7:28  Marine  
  116  7:29  SCV  
  124  7:33  Marine x4  
  128  7:37  Supply Depot  
  128  7:38  Supply Depot  
  124  7:46  Marine, Supply Depot  
  124  7:50  Marine  
  124  7:51  Marine x3  
  126  7:57  Command Center  
  126  7:58  Siege Tank  
  131  8:03  Marine  
  132  8:08  Barracks Reactor, Marine x2  
  132  8:09  Barracks Reactor, Marine x2  
  132  8:10  Medivac x2  
  140  8:13  Armory  
  140  8:16  Supply Depot  
  140  8:18  Supply Depot  
  140  8:21  Marine  
  140  8:26  Marine x2  
  142  8:27  Marine  
  142  8:29  SCV x3  
  142  8:30  Factory  
  142  8:31  Supply Depot  
  147  8:38  Siege Tank  
  147  8:39  Marine  
  147  8:40  Medivac x2  
  154  8:44  Marine x2  
  154  8:45  Marine  
  154  8:46  Barracks Reactor  
  157  8:53  Marine x4  
  159  8:57  Marine  
  159  8:58  Supply Depot  
  159  9:00  Terran Infantry Weapons Level 2  
  159  9:02  Marine x3, Terran Vehicle Weapons Level 1  
  162  9:08  Terran Infantry Armor Level 2  
  163  9:10  SCV, Siege Tank  
  163  9:11  SCV x2, Marine x4  
  163  9:15  Marine  
  174  9:17  Refinery  
  174  9:20  Marine x2  
  174  9:23  SCV  
  174  9:24  Refinery  
  177  9:27  Viking x2  
  177  9:29  Sensor Tower  
  181  9:32  Siege Tank  
  181  9:36  Command Center  
  181  9:37  Marine x2  
  181  9:38  Marine x4  
  189  9:39  Marine x3  
  189  9:42  Siege Tank  
  194  9:46  Planetary Fortress  
  194  9:52  Marine  
  195  9:55  Marine x3  
  195  9:56  Marine x5  
  195  9:57  Marine  
  171  10:04  Siege Tank  
  171  10:05  Viking  
  150  10:10  Marine  
  150  10:13  Marine  
  150  10:14  Marine x2, Siege Tank  
  150  10:17  Marine x2  
  147  10:25  Marine x4  
  147  10:27  Marine  
  121  10:31  Marine, Medivac  
  121  10:32  Marine x2  
  121  10:34  Marine  
  121  10:35  Marine  
  113  10:36  Medivac, Siege Tank  
  113  10:37  SCV x3  
  113  10:38  SCV  
  122  10:43  Marine x4  
  122  10:47  Siege Tank  
  122  10:49  SCV x2  
  132  10:50  SCV x2  
  132  10:51  Sensor Tower  
  132  10:55  Marine  
  132  10:56  Marine x2  
  136  10:58  Marine  
  136  10:59  Marine  
  136  11:01  SCV, Marine x2, Medivac  
  136  11:02  SCV x3, Marine x2  
  148  11:04  Marine  
  148  11:06  Medivac  
  148  11:09  Siege Tank  
  154  11:13  SCV, Marine  
  154  11:14  Marine x2  
  154  11:16  Marine x2  
  160  11:18  Terran Infantry Weapons Level 3  
  160  11:19  Marine x2, Siege Tank  
  160  11:21  Terran Vehicle Weapons Level 2  
  165  11:26  Terran Infantry Armor Level 3  
  165  11:29  Marine x2  
  165  11:30  Marine  
  165  11:31  Marine  
  169  11:32  Medivac  
  169  11:37  Marine, Medivac  
  169  11:38  Marine x4  
  175  11:40  Marine  
  175  11:41  Siege Tank  
  175  11:47  Marine x2  
  179  11:48  Marine  
  179  11:49  Marine  
  179  11:51  Siege Tank  
  186  11:55  Marine  
  186  11:56  Marine x4  
  186  11:57  Marine  
  190  12:04  Marine  
  190  12:05  Marine  
  190  12:06  Marine  
  190  12:07  Marine  
  194  12:09  Starport x2  
  194  12:13  Marine x2, Siege Tank  
  196  12:15  Marine  
  196  12:19  Marine x2  
  181  12:23  Siege Tank  
  181  12:24  Marine  
  181  12:25  Marine  
  182  12:30  Viking x2  
  182  12:34  Marine x4  
  182  12:35  Command Center  
  182  12:36  Marine  
  191  12:37  Marine x2  
  189  12:46  Siege Tank  
  186  12:55  Marine x2, Siege Tank  
  186  12:56  Marine  
  166  13:00  Medivac  
  166  13:02  Viking  
  166  13:05  Viking  
  162  13:09  Viking  
  162  13:12  Marine  
  158  13:13  Marine x7  
  158  13:18  Siege Tank  
  168  13:27  Marine x2, Siege Tank  
  168  13:30  Marine x2, Viking  
  168  13:32  Viking  
  161  13:35  Marine x2, Viking  
  161  13:36  Marine x2  
  161  13:39  Marine x2, Viking  
  154  13:50  Siege Tank  
  154  13:51  Marine x2  
  159  13:57  Marine x2  
  159  13:59  Siege Tank  
  159  14:00  Medivac  
  159  14:02  Marine x2, Medivac  
  168  14:05  Viking  
  168  14:09  Viking  
  174  14:16  SCV x3  
  176  14:18  Planetary Fortress  
  176  14:19  SCV  
  176  14:22  Siege Tank  
  180  14:28  SCV x3  
  180  14:29  Sensor Tower  
  183  14:31  Siege Tank  
  178  14:39  Marine  
  178  14:40  Marine  
  178  14:41  Viking  
  178  14:45  Marine x3  
  167  14:49  Medivac  
  167  14:51  Medivac  
  162  14:54  Medivac, Siege Tank  
  167  15:01  Refinery, Armory  
  167  15:02  Refinery, Terran Ship Weapons Level 1  
  167  15:03  Siege Tank  
  167  15:05  Marine  
  167  15:06  Marine  
  176  15:23  Starport Tech Lab  
  176  15:24  Viking x2  
  176  15:25  Starport Tech Lab  
  179  15:29  Command Center  
  182  15:45  Missile Turret  
  182  15:47  Raven, Corvid Reactor  
  182  15:48  Raven  
  182  15:49  Terran Vehicle And Ship Armor Level 1  
  180  15:53  Starport x2  
  180  16:00  Command Center, Missile Turret  
  180  16:03  Marine x3, Missile Turret  
  183  16:05  Viking x2  
  184  16:30  Raven x2  
  184  16:31  Command Center  
  188  16:33  Missile Turret  
  188  16:34  Viking  
  188  16:35  Viking x3  
  188  16:37  Missile Turret  
  196  16:40  Missile Turret  
  196  16:46  Fusion Core  
  196  16:53  Missile Turret  
  196  16:54  Neosteel Armor, Hi-Sec Auto Tracking  
  196  16:55  Missile Turret  
  196  16:57  Refinery, Missile Turret  
  196  16:59  Refinery  
  196  17:04  Viking  
  196  17:06  Planetary Fortress  
  196  17:13  Starport Reactor, Raven  
  196  17:14  Terran Ship Weapons Level 2  
  198  17:22  Raven  
  198  17:23  Factory  
  198  17:26  Refinery  
  198  17:29  Refinery  
  200  17:35  Advanced Ballistics  
  200  17:39  Sensor Tower  
  200  17:40  Missile Turret  
  200  17:43  Viking  
  200  17:47  Planetary Fortress  
  200  17:54  Missile Turret  
  198  18:09  Viking  
  198  18:10  Terran Vehicle And Ship Armor Level 2  
  198  18:11  Missile Turret  
  198  18:12  Missile Turret  
  200  18:15  Missile Turret  
  200  18:17  Orbital Command  
  200  18:18  Command Center, Missile Turret  
  200  18:29  Factory Tech Lab  
  200  18:32  Starport Reactor  
  198  18:35  Sensor Tower  
  198  18:45  Missile Turret  
  191  18:48  Siege Tank  
  191  18:49  Missile Turret, Siege Tank x2  
  191  18:53  Viking x2  
  191  18:54  Rapid Reignition System, Viking  
  199  18:57  Missile Turret  
  196  19:19  Liberator  
  196  19:21  Sensor Tower  
  197  19:34  Raven  
  185  19:46  Raven  
  185  19:47  Marine x4  
  185  19:48  Marine x5  
  185  19:49  Siege Tank x2  
  185  19:50  Liberator x4  
  185  19:52  Liberator  
  157  19:54  Siege Tank  
  157  19:55  Marine  
  155  20:11  Orbital Command  
  147  20:16  Liberator  
  147  20:17  Raven  
  147  20:21  Siege Tank  
  140  20:25  Siege Tank  
  140  20:27  Marine  
  144  20:29  Raven  
  144  20:34  Siege Tank  
  149  20:42  Medivac  
  151  20:46  Medivac  
  151  20:47  Marine  
  151  20:48  Marine  
  151  20:49  Marine  
  156  20:54  Siege Tank  
  158  21:00  Raven, Viking  
  162  21:07  Siege Tank  
  165  21:12  Raven  
  165  21:17  Viking x3  
  173  21:20  Viking  
  175  21:25  Viking  
  175  21:37  Viking  
  177  21:43  Raven  
  179  21:47  Viking x2  
  179  21:48  Siege Tank  
  184  21:55  Raven  
  184  22:00  Siege Tank  
  162  22:08  Marine x4  
  152  22:18  Siege Tank  
  152  22:19  Marine  
  152  22:20  Marine x2  
  152  22:22  Marine  
  159  22:25  Raven  
  159  22:27  Marine x2  
  160  22:38  Marine x4  
  160  22:39  Marine x2  
  160  22:43  Siege Tank  
  163  22:56  Siege Tank x2  
  163  22:57  Viking x2  
  173  23:04  Orbital Command  
  169  23:07  Marine x10  
  176  23:15  Siege Tank  
  179  23:25  Marine x7  
  186  23:28  Siege Tank  
  186  23:31  Siege Tank  
  192  23:48  Siege Tank  
  194  23:49  Marine x4  
  194  23:53  Refinery  
  194  23:55  Refinery  
  198  24:03  Medivac  
  195  24:13  Siege Tank x2  
  189  24:25  Viking  
  189  24:26  Viking  
  193  24:35  Marine x2, Siege Tank  
  193  24:36  Marine x5  
  193  24:37  Marine x3  
  122  24:52  Siege Tank  
  122  24:53  Marine x3  
  122  24:54  Marine  
  126  25:00  Marine x6  
  132  25:11  Marine x3, Siege Tank  
  132  25:13  Medivac  
  137  25:14  Marine  
  137  25:17  Marine  
  137  25:18  Marine  
  137  25:20  Marine  
  141  25:21  Marine  
  141  25:27  Siege Tank  
  145  25:29  Marine x2  
  145  25:31  Marine  
  148  25:36  Medivac  
  141  25:52  Marine x10  
  123  26:15  Siege Tank  
  122  26:25  Raven  
  118  26:46  Siege Tank  
  106  26:47  Marine x2  
  106  26:48  Marine x3  
  106  26:49  Marine x2  
  106  26:53  Marine  
  108  26:57  Marine  
  108  26:58  Orbital Command  
  109  27:02  Marine  
  110  27:16  Marine x2  
  110  27:18  Marine  
  79  27:23  Marine  
  79  27:25  Marine  
Tags
 
Add a new tag
Caveats
  • Supply blocks, unpowered buildings, or Contaminate may cause inaccurate times.
  • Supply counts are checked every 10 seconds.